ITL
DETROIT X-WINGS @ WABA DUCKS
09/09/2030
 
TOP OF THE 1ST
Detroit X-Wings batting - Pitching for Waba Ducks : RHP Masamichi Samurakami
Pitching: RHP Masamichi Samurakami
Batting: SHB Jason Mason 0-0: Called Strike
0-1: Foul Ball, location: 2F
0-2: SOLO HOME RUN (Flyball, 89XD), Distance : 361 ft
Batting: RHB José Pérez 0-0: Ball
1-0: Ball
2-0: Foul Ball, location: 2F
2-1: Foul Ball, location: 2F
2-2: Strikes out looking
Batting: LHB Juan Jose Pineda 0-0: Called Strike
0-1: Foul Ball, location: 2F
0-2: Foul Ball, location: 2F
0-2: Foul Ball, location: 2F
0-2: Strikes out swinging
Batting: SHB Barrett Bowden 0-0: Ball
1-0: Ball
2-0: Called Strike
2-1: Fly out, F9 (Flyball, 9)
Top of the 1st over - 1 run, 1 hit, 0 errors, 0 left on base; Detroit 1 - Waba 0
BOTTOM OF THE 1ST
Waba Ducks batting - Pitching for Detroit X-Wings : RHP Pat Monroe
Pitching: RHP Pat Monroe
Batting: RHB Charles Lewis 0-0: Called Strike
0-1: Ball
1-1: Ball
2-1: Foul Ball, location: 2F
2-2: Ball
3-2: Strikes out swinging
Batting: LHB Stanley Mullins 0-0: Swinging Strike
0-1: Ball
1-1: Ball
2-1: SINGLE (Groundball, 4MD)
Batting: RHB Jimmy Simon 0-0: Fly out, F3 (Popup, 23)
Batting: LHB Vincente Sáenz 0-0: Ball
1-0: Called Strike
1-1: Called Strike
1-2: Ball
2-2: Strikes out looking
Bottom of the 1st over - 0 runs, 1 hit, 0 errors, 1 left on base; Detroit 1 - Waba 0
TOP OF THE 2ND
Detroit X-Wings batting - Pitching for Waba Ducks : RHP Masamichi Samurakami
Batting: LHB Curt Walker 0-0: Ground out 5-3 (Groundball, 56)
Batting: SHB Felipe Detorres 0-0: Ground out 4-3 (Groundball, 4M)
Batting: LHB Paul Alston 0-0: Called Strike
0-1: Ball
1-1: Ground out 4-3 (Groundball, 4)
Top of the 2nd over - 0 runs, 0 hits, 0 errors, 0 left on base; Detroit 1 - Waba 0
BOTTOM OF THE 2ND
Waba Ducks batting - Pitching for Detroit X-Wings : RHP Pat Monroe
Batting: RHB Gerald Burnett 0-0: Ball
1-0: Foul Ball, location: 2F
1-1: Ball
2-1: SINGLE (Groundball, 56D)
Batting: RHB Juan Vareas 0-0: Called Strike
0-1: Swinging Strike
0-2: SINGLE (Groundball, 4MD)
Gerald Burnett to second
Batting: RHB Francisco Castillo 0-0: Ball
1-0: Ball
2-0: Called Strike
2-1: Ball
3-1: Base on Balls
Gerald Burnett to third
Juan Vareas to second
Batting: SHB John May 0-0: Swinging Strike
0-1: Swinging Strike
0-2: Strikes out looking
Batting: RHB Jorge Castillo 0-0: Fielders Choice at 2nd, 3-6 (Groundball, 34)
Gerald Burnett scores
Juan Vareas to third
Batting: RHB Charles Lewis 0-0: Ball
1-0: Swinging Strike
1-1: Foul Ball, location: 2F
1-2: Foul Ball, location: 2F
1-2: Foul Ball, location: 2F
1-2: Ball
2-2: Foul Ball, location: 2F
2-2: Foul Ball, location: 2F
2-2: Ball
3-2: Base on Balls
Jorge Castillo to second
Batting: LHB Stanley Mullins 0-0: Called Strike
0-1: Swinging Strike
0-2: Foul Ball, location: 2F
0-2: Strikes out swinging
Bottom of the 2nd over - 1 run, 2 hits, 0 errors, 3 left on base; Detroit 1 - Waba 1
TOP OF THE 3RD
Detroit X-Wings batting - Pitching for Waba Ducks : RHP Masamichi Samurakami
Batting: RHB Alfredo Villegas 0-0: Called Strike
0-1: Foul Ball, location: 2F
0-2: Ball
1-2: Ball
2-2: Ground out 5-3 (Groundball, 56S)
Batting: LHB Leslie Adams 0-0: Called Strike
0-1: Foul Ball, location: 2F
0-2: Strikes out swinging
Batting: SHB Jason Mason 0-0: Called Strike
0-1: Swinging Strike
0-2: Ground out 1-3 (Groundball, 13S)
Top of the 3rd over - 0 runs, 0 hits, 0 errors, 0 left on base; Detroit 1 - Waba 1
BOTTOM OF THE 3RD
Waba Ducks batting - Pitching for Detroit X-Wings : RHP Pat Monroe
Batting: RHB Jimmy Simon 0-0: Ball
1-0: Foul Ball, location: 2F
1-1: Ball
2-1: Fly out, F8 (Flyball, 8RS)
Batting: LHB Vincente Sáenz 0-0: Called Strike
0-1: Foul Ball, location: 2F
0-2: Foul Ball, location: 2F
0-2: Foul Ball, location: 2F
0-2: Ball
1-2: Strikes out swinging
Batting: RHB Gerald Burnett 0-0: Ground out 5-3 (Groundball, 56)
Bottom of the 3rd over - 0 runs, 0 hits, 0 errors, 0 left on base; Detroit 1 - Waba 1
TOP OF THE 4TH
Detroit X-Wings batting - Pitching for Waba Ducks : RHP Masamichi Samurakami
Batting: RHB José Pérez 0-0: Foul Ball, location: 2F
0-1: Ball
1-1: Ball
2-1: Ground out 5-3 (Groundball, 56)
Batting: LHB Juan Jose Pineda 0-0: Foul Ball, location: 2F
0-1: Fly out, F8 (Flyball, 8RM)
Batting: SHB Barrett Bowden 0-0: Ball
1-0: Fly out, F7 (Flyball, 7)
Top of the 4th over - 0 runs, 0 hits, 0 errors, 0 left on base; Detroit 1 - Waba 1
BOTTOM OF THE 4TH
Waba Ducks batting - Pitching for Detroit X-Wings : RHP Pat Monroe
Batting: RHB Juan Vareas 0-0: Swinging Strike
0-1: Ground out 6-3 (Groundball, 6)
Batting: RHB Francisco Castillo 0-0: Ball
1-0: Ball
2-0: Foul Ball, location: 2F
2-1: Called Strike
2-2: Strikes out swinging
Batting: SHB John May 0-0: Ball
1-0: Ball
2-0: Called Strike
2-1: Ball
3-1: Ground out 3-1 (Groundball, 34)
Bottom of the 4th over - 0 runs, 0 hits, 0 errors, 0 left on base; Detroit 1 - Waba 1
TOP OF THE 5TH
Detroit X-Wings batting - Pitching for Waba Ducks : RHP Masamichi Samurakami
Batting: LHB Curt Walker 0-0: Foul Ball, location: 2F
0-1: Swinging Strike
0-2: Fly out, F7 (Flyball, 78S)
Batting: SHB Felipe Detorres 0-0: Ground out U3 (Groundball, 3)
Batting: LHB Paul Alston 0-0: Called Strike
0-1: Foul Ball, location: 2F
0-2: Strikes out swinging
Top of the 5th over - 0 runs, 0 hits, 0 errors, 0 left on base; Detroit 1 - Waba 1
BOTTOM OF THE 5TH
Waba Ducks batting - Pitching for Detroit X-Wings : RHP Pat Monroe
Batting: RHB Jorge Castillo 0-0: Ball
1-0: Called Strike
1-1: Foul Ball, location: 2F
1-2: Strikes out swinging
Batting: RHB Charles Lewis 0-0: Ball
1-0: Fly out, F3 (Popup, 3SF)
Batting: LHB Stanley Mullins 0-0: Ball
1-0: Ball
2-0: Swinging Strike
2-1: SINGLE (Line Drive, 56D)
Batting: RHB Jimmy Simon 0-0: Foul Ball, location: 2F
0-1: Ball
1-1: Fly out, F8 (Flyball, 8RXD)
Bottom of the 5th over - 0 runs, 1 hit, 0 errors, 1 left on base; Detroit 1 - Waba 1
TOP OF THE 6TH
Detroit X-Wings batting - Pitching for Waba Ducks : RHP Masamichi Samurakami
Batting: RHB Alfredo Villegas 0-0: Ball
1-0: Hit by Pitch
Batting: LHB Leslie Adams 0-0: Ball
1-0: Swinging Strike
1-1: Ball
2-1: Ball
3-1: Called Strike
3-2: Foul Ball, location: 2F
3-2: Foul Ball, location: 2F
3-2: Foul Ball, location: 2F
3-2: Foul Ball, location: 2F
3-2: Foul Ball, location: 2F
3-2: Strikes out swinging
Batting: SHB Jason Mason 0-0: Ball
1-0: Called Strike
1-1: Foul Ball, location: 2F
1-2: Ball
2-2: Ball
3-2: Ground out 4-3 (Groundball, 34)
Alfredo Villegas to second
Batting: RHB José Pérez 0-0: Called Strike
0-1: Fly out, F8 (Flyball, 89M)
Top of the 6th over - 0 runs, 0 hits, 0 errors, 1 left on base; Detroit 1 - Waba 1
BOTTOM OF THE 6TH
Waba Ducks batting - Pitching for Detroit X-Wings : RHP Pat Monroe
Pitching: LHP Clarence Skerratt
Batting: LHB Vincente Sáenz 0-0: Called Strike
0-1: Ball
1-1: Ball
2-1: Ball
3-1: Base on Balls
Pitching: RHP Domingo Rodríguez
Batting: RHB Gerald Burnett 0-0: Ball
1-0: Grounds into double play, 1-6-3 (Groundball, 13)
Pitching: RHP Luis Manuel Miranda
Batting: RHB Juan Vareas 0-0: Ball
1-0: Ball
2-0: Called Strike
2-1: Ball
3-1: Fly out, F8 (Flyball, 8RXD)
Bottom of the 6th over - 0 runs, 0 hits, 0 errors, 0 left on base; Detroit 1 - Waba 1
TOP OF THE 7TH
Detroit X-Wings batting - Pitching for Waba Ducks : RHP Masamichi Samurakami
Batting: LHB Juan Jose Pineda 0-0: Called Strike
0-1: Foul Ball, location: 2F
0-2: Ball
1-2: Ball
2-2: Foul Ball, location: 2F
2-2: SINGLE (Line Drive, 7S)
Batting: SHB Barrett Bowden 0-0: Grounds into double play, 6-4-3 (Groundball, 6M)
Batting: LHB Curt Walker 0-0: Foul Ball, location: 2F
0-1: Swinging Strike
0-2: Ball
1-2: Ball
2-2: Ball
3-2: Base on Balls
Batting: SHB Felipe Detorres 0-0: Ball
1-0: Ground out 4-3 (Groundball, 4)
Top of the 7th over - 0 runs, 1 hit, 0 errors, 1 left on base; Detroit 1 - Waba 1
BOTTOM OF THE 7TH
Waba Ducks batting - Pitching for Detroit X-Wings : RHP Luis Manuel Miranda
Batting: RHB Francisco Castillo 0-0: Ball
1-0: Called Strike
1-1: Reached on error, E4 (Groundball, 4D)
Pinch Hitting: RHB Jesús Dávila 0-0: Ball
1-0: Bunted foul
1-1: Sac Bunt - play at first, batter OUT! 1-4
Francisco Castillo to second
Batting: RHB Jorge Castillo 0-0: Ball
1-0: Called Strike
1-1: SINGLE (Line Drive, 8RS)
Francisco Castillo to third
Pinch Hitting: RHB Jeremy Flemming 0-0: Called Strike
0-1: Ball
1-1: Swinging Strike
1-2: SINGLE (Groundball, 56) (infield hit)
Francisco Castillo scores
Jorge Castillo to second
Batting: LHB Stanley Mullins 0-0: Ball
1-0: Called Strike
1-1: Foul Ball, location: 2F
1-2: Ball
2-2: Ball
3-2: SINGLE (Groundball, 4MD)
Jorge Castillo to third
Jeremy Flemming to second
Runner from 3rd tries for Home, SAFE, no throw
Batting: RHB Jimmy Simon 0-0: Ball
Throwing error on steal attempt, E2
Jeremy Flemming scores
Stanley Mullins to third
1-0: Called Strike
1-1: SINGLE (Line Drive, 6M)
Stanley Mullins scores
Batting: LHB Vincente Sáenz 0-0: SINGLE (Line Drive, 4MD)
Jimmy Simon to second
Batting: RHB Gerald Burnett 0-0: Ball
1-0: Ball
2-0: Called Strike
2-1: SINGLE (Line Drive, 78S)
Jimmy Simon to third
Vincente Sáenz to second
Batting: RHB Juan Vareas 0-0: Ball
1-0: Ball
2-0: Ball
3-0: Called Strike
3-1: Base on Balls
Jimmy Simon scores
Vincente Sáenz to third
Gerald Burnett to second
Batting: RHB Francisco Castillo 0-0: Called Strike
0-1: Swinging Strike
0-2: SINGLE (Flyball, 78S)
Vincente Sáenz scores
Gerald Burnett to third
Juan Vareas to second
Batting: RHB Jesús Dávila 0-0: Ball
1-0: Ball
2-0: Ball
3-0: Foul Ball, location: 2F
3-1: SINGLE (Groundball, 4D)
Gerald Burnett scores
Juan Vareas to third
Francisco Castillo to second
Batting: RHB Jorge Castillo 0-0: SINGLE (Groundball, 56D)
Juan Vareas scores
Francisco Castillo to third
Jesús Dávila to second
Pitching: RHP Daniel Riddle
Batting: RHB Jeremy Flemming 0-0: Ball
1-0: Ball
2-0: Ball
3-0: Base on Balls
Francisco Castillo scores
Jesús Dávila to third
Jorge Castillo to second
Batting: LHB Stanley Mullins 0-0: SINGLE (Line Drive, 78M)
Jesús Dávila scores
Jorge Castillo to third
Jeremy Flemming to second
Runner from 3rd tries for Home, SAFE, no throw
Batting: RHB Jimmy Simon 0-0: Ball
1-0: Foul Ball, location: 2F
1-1: Fly out, F8 (Flyball, 8LS)
Batting: LHB Vincente Sáenz 0-0: Ball
1-0: Called Strike
1-1: Ball
2-1: Foul Ball, location: 2F
2-2: Strikes out looking
Bottom of the 7th over - 11 runs, 10 hits, 2 errors, 2 left on base; Detroit 1 - Waba 12
TOP OF THE 8TH
Detroit X-Wings batting - Pitching for Waba Ducks : RHP Masamichi Samurakami
Now at 2B: Jesús Dávila
Now at 3B: Ángel Garza
Batting: LHB Paul Alston 0-0: Ball
1-0: Ball
2-0: Called Strike
2-1: Called Strike
2-2: Ball
3-2: Foul Ball, location: 2F
3-2: Foul Ball, location: 2F
3-2: DOUBLE (Line Drive, 8RXD)
Batting: RHB Alfredo Villegas 0-0: Ball
Wild Pitch!
Paul Alston to third
1-0: Foul Ball, location: 2F
1-1: Ground out 5-3 (Groundball, 5)
Batting: LHB Leslie Adams 0-0: Ball
1-0: Foul Ball, location: 2F
1-1: Foul Ball, location: 2F
1-2: Ball
2-2: Strikes out looking
Batting: SHB Jason Mason 0-0: Foul Ball, location: 2F
0-1: Called Strike
0-2: Ball
1-2: Foul Ball, location: 2F
1-2: Ball
2-2: SINGLE (Line Drive, 34)
Paul Alston scores
Pinch Hitting: RHB Enrique Aguilar 0-0: Foul Ball, location: 2F
0-1: Fielders Choice at 2nd, 5-4 (Groundball, 5L)
Top of the 8th over - 1 run, 2 hits, 0 errors, 1 left on base; Detroit 2 - Waba 12
BOTTOM OF THE 8TH
Waba Ducks batting - Pitching for Detroit X-Wings : RHP Daniel Riddle
Now in LF: Enrique Aguilar
Batting: RHB Gerald Burnett 0-0: Ball
1-0: Fly out, F6 (Line Drive, 6)
Batting: RHB Juan Vareas 0-0: Ball
1-0: SOLO HOME RUN (Flyball, 7D), Distance : 364 ft
Batting: RHB Francisco Castillo 0-0: Ball
1-0: Ground out 5-3 (Groundball, 56)
Batting: RHB Jesús Dávila 0-0: Ball
1-0: Ball
2-0: Foul Ball, location: 2F
2-1: SINGLE (Groundball, 56D)
Batting: RHB Jorge Castillo 0-0: SINGLE (Groundball, 6MD)
Jesús Dávila to second
Runner from 2nd tries for 3rd, SAFE, no throw
Batting: RHB Ángel Garza Pickoff Throw to First - Out!
Bottom of the 8th over - 1 run, 3 hits, 0 errors, 1 left on base; Detroit 2 - Waba 13
TOP OF THE 9TH
Detroit X-Wings batting - Pitching for Waba Ducks : RHP Masamichi Samurakami
Pinch Hitting: LHB Chris Loudermilk 0-0: Foul Ball, location: 2F
0-1: Ball
1-1: Foul Ball, location: 2F
1-2: Ball
2-2: Ground out 2-3 (Groundball, 15S)
Batting: SHB Barrett Bowden 0-0: Called Strike
0-1: Ball
1-1: Called Strike
1-2: SINGLE (Flyball, 8LS)
Batting: LHB Curt Walker 0-0: TRIPLE (Flyball, 9LD)
Barrett Bowden scores
Batting: SHB Felipe Detorres 0-0: DOUBLE (Flyball, 9LD)
Curt Walker scores
Batting: LHB Paul Alston 0-0: Ball
1-0: Ball
2-0: Ball
3-0: Called Strike
3-1: Base on Balls
Pitching: RHP Mang Tow
Batting: RHB Alfredo Villegas 0-0: Ball
1-0: Called Strike
1-1: Foul Ball, location: 2F
1-2: Foul Ball, location: 2F
1-2: Ball
2-2: Ball
3-2: SINGLE (Groundball, 56D)
Felipe Detorres to third
Paul Alston to second
Batting: LHB Leslie Adams 0-0: Ball
1-0: Ball
2-0: Called Strike
2-1: Reached via error on a dropped throw, E6
Felipe Detorres scores
Paul Alston to third
Alfredo Villegas to second
Batting: SHB Jason Mason 0-0: SINGLE (Groundball, 6D)
Paul Alston scores
Alfredo Villegas to third
Leslie Adams to second
Batting: RHB Enrique Aguilar 0-0: Called Strike
0-1: SINGLE (Groundball, 34D)
Alfredo Villegas scores
Leslie Adams to third
Jason Mason to second
Batting: LHB Chris Loudermilk 0-0: Ball
1-0: Ball
2-0: Called Strike
2-1: Foul Ball, location: 2F
2-2: Ball
3-2: Base on Balls
Leslie Adams scores
Jason Mason to third
Enrique Aguilar to second
Batting: SHB Barrett Bowden 0-0: Swinging Strike
0-1: Fly out, F9 (Flyball, 9D)
Runner from 3rd tags up, SCORES, no throw
Batting: LHB Curt Walker 0-0: Called Strike
0-1: Swinging Strike
0-2: Foul Ball, location: 2F
0-2: Ball
1-2: Foul Ball, location: 2F
1-2: Ball
2-2: Foul Ball, location: 2F
2-2: SINGLE (Groundball, 4D)
Enrique Aguilar to third
Chris Loudermilk to second
Batting: SHB Felipe Detorres 0-0: SINGLE (Groundball, 34D)
Enrique Aguilar scores
Chris Loudermilk to third
Curt Walker to second
Pitching: RHP Jim Wilson
Batting: LHB Paul Alston 0-0: Called Strike
0-1: SINGLE (Groundball, 3D)
Chris Loudermilk scores
Curt Walker to third
Felipe Detorres to second
Batting: RHB Alfredo Villegas 0-0: Ball
Wild Pitch!
Curt Walker scores
Felipe Detorres to third
Paul Alston to second
1-0: Called Strike
1-1: Foul Ball, location: 2F
1-2: SINGLE (Line Drive, 78M)
Felipe Detorres scores
Paul Alston to third
Runner from 3rd tries for Home, SAFE, no throw
Batting: LHB Leslie Adams 0-0: Ball
Alfredo Villegas is caught stealing 2nd base
Top of the 9th over - 12 runs, 10 hits, 1 error, 0 left on base; Detroit 14 - Waba 13
BOTTOM OF THE 9TH
Waba Ducks batting - Pitching for Detroit X-Wings : RHP Daniel Riddle
Now in CF: Chris Loudermilk
Batting: RHB Ángel Garza 0-0: Ball
1-0: Ball
2-0: SINGLE (Line Drive, 34D)
Batting: LHB Stanley Mullins 0-0: Sac Bunt - play at first, batter safe!
Ángel Garza to second
Batting: RHB Jimmy Simon 0-0: Ball
1-0: Ball
2-0: Fly out, F9 (Flyball, 9S)
Batting: LHB Vincente Sáenz 0-0: Grounds into double play, 4-6-3 (Groundball, 4)
Bottom of the 9th over - 0 runs, 2 hits, 0 errors, 1 left on base; Detroit 14 - Waba 13
Saturday, April 7th, 2018 - OOTP Baseball 18.8 Build 76